 Dungeon Crawl Stone Soup version 0.20-a0-641-g673355a (webtiles) character file.

325 Laan the Shield-Bearer (level 6, -1/49 HPs)
             Began as a Formicid Fighter on Feb 14, 2017.
             Slain by an ogre
             ... wielding a +0 giant spiked club
              (31 damage)
             ... on level 3 of the Dungeon.
             The game lasted 00:06:31 (2502 turns).

Laan the Shield-Bearer (Formicid Fighter)           Turns: 2502, Time: 00:06:31

Health: -1/49      AC: 10    Str: 23    XL:     6   Next: 78%
Magic:  6/6        EV:  9    Int:  7    God:
Gold:   81         SH:  5    Dex: 10    Spells: 5/5 levels left

rFire    . . .     SeeInvis +   a - +0 long sword
rCold    . . .     Gourm    .   b - +0 scale mail
rNeg     . . .     Faith    .   m - +0 buckler {AC+3}
rPois    .         Spirit   .   (helmet unavailable)
rElec    .         Reflect  .   (no cloak)
rCorr    .         Harm     .   (no gloves)
MR       .....                  (no boots)
Stlth    ..........             (no amulet)
Regen    0.2/turn               (no ring)
MPRegen  0.1/turn               (no ring)

@: no status effects
A: permanent stasis, dig shafts and tunnels, four strong arms, antennae 3
a: Dig, Shaft Self


You were on level 3 of the Dungeon.
You were not hungry.

You visited 1 branch of the dungeon, and saw 3 of its levels.

You collected 81 gold pieces.

Inventory:

Hand Weapons
 a - a +0 long sword (weapon)
Armour
 b - a +0 scale mail (worn)
 c - a +0 shield
 m - a +0 buckler of protection (worn)
 n - a +0 large shield
Scrolls
 e - a scroll of remove curse {unknown}
 h - 2 scrolls of blinking {unknown}
 i - 2 scrolls of enchant armour {unknown}
 k - 2 scrolls of identify {unknown}
 o - 2 scrolls of fear {unknown}
 r - a scroll of magic mapping {unknown}
Potions
 g - a potion of lignification
 j - a potion of haste {unknown}
 l - a potion of curing {unknown}
 p - a potion of brilliance {unknown}
Comestibles
 f - a bread ration


   Skills:
 + Level 4.6 Fighting
 * Level 4.2 Long Blades
 + Level 4.5 Armour
 + Level 5.1 Shields


You had 5 spell levels left.
You didn't know any spells.

Dungeon Overview and Level Annotations

Branches:
Dungeon (3/15)

Altars:
Yredelemnul


Innate Abilities, Weirdness & Mutations

You cannot be hasted, slowed, berserked, paralysed or teleported.
You can dig through walls and to a lower floor.
Your four strong arms can wield two-handed weapons with a shield.
You have a pair of large antennae on your head. (SInv)


Message History

An ogre comes into view. It is wielding a giant spiked club.
The ogre shouts!
You block the ogre's attack.
Your scale mail prevents you from hitting the ogre.
The ogre hits you with a giant spiked club!
Found 8 gold pieces.
A bat comes into view.
You hit the ogre but do no damage. The ogre closely misses you.
Found a stone staircase leading down.
You completely miss the ogre.
You aren't carrying any items that you can evoke.
You hit the ogre but do no damage. You block the ogre's attack.
You barely miss the ogre.
The ogre hits you with a giant spiked club!
You barely miss the ogre. The ogre barely misses you.
You slash the ogre!
The ogre is heavily wounded.
The ogre hits you with a giant spiked club!!
Ouch! That really hurt!
You die...

#.#....#####.###
#.##.#.# #.#
#......# #.#
##.##### #.# #.#
... #.# ...
#.### ... #...#
..... ###@# #O#
#b# #.# #§.§.#
#P8§§§... #.§§§§
.. #.8§§# #.§.>.


You could see an ogre and a bat.

Vanquished Creatures
  Grinder (D:3)
  Jessica (D:2)
  Robin (D:3)
  A howler monkey skeleton (D:3)
  An adder (D:2)
  An ooze (D:2)
  2 worms (D:3)
  3 dart slugs
  An orc (D:3)
  11 goblins
  12 hobgoblins
  A ball python (D:2)
  5 bats
  6 frilled lizards
  A jackal skeleton (D:3)
  8 kobolds
  6 rats
62 creatures vanquished.

Vanquished Creatures (others)
  2 withered plants (D:3)
2 creatures vanquished.

Grand Total: 64 creatures vanquished

Notes
Turn   | Place    | Note
-------+----------+-------------------------------------------
     0 | D:1      | Laan the Formicid Fighter began the quest for the Orb.
     0 | D:1      | Reached XP level 1. HP: 18/18 MP: 1/1
   135 | D:1      | Reached XP level 2. HP: 23/24 MP: 2/2
   616 | D:2      | Reached skill level 4 in Shields
   616 | D:2      | Reached XP level 3. HP: 29/29 MP: 3/3
   654 | D:2      | Noticed Robin
  1002 | D:3      | Reached XP level 4. HP: 23/37 MP: 4/4
  1131 | D:3      | Killed Robin
  1639 | D:2      | Found a basalt altar of Yredelemnul.
  1868 | D:2      | Noticed Jessica
  1871 | D:2      | Killed Jessica
  1871 | D:2      | Reached XP level 5. HP: 42/42 MP: 5/5
  2152 | D:3      | Noticed Grinder
  2170 | D:3      | Killed Grinder
  2170 | D:3      | Reached skill level 5 in Shields
  2170 | D:3      | Reached XP level 6. HP: 11/49 MP: 6/6
  2492 | D:3      | Noticed an ogre
  2502 | D:3      | Slain by an ogre

Vault maps used:
D:1:      mrwooster_arrival_arrow
D:2:      yredelemnul_altar_generic, uniq_robin, uniq_jessica
D:3:      gammafunk_temple_overflow_wave, fedhas_altar_2, serial_undead,
          serial_undead_f, serial_undead_e, serial_undead_b, serial_undead_c,
          minmay_liquid_box, uniq_grinder

Skill      XL: |  1  2  3  4  5 |
---------------+----------------+-----
Shields        | 4 5 |  5.1
Long Blades    | 3 4 |  4.2
Fighting       | 4 |  4.6
Armour         | 4 |  4.5

Action                   |  1- 3 |  4- 6 || total
-------------------------+-------+-------++-------
Melee: Long sword        |    97 |    79 ||   176
  Use: Potion            |       |     2 ||     2
  Eat: Chunk             |       |     5 ||     5
Armor: Scale mail        |    64 |    16 ||    80
       Skin              |       |     2 ||     2
Dodge: Dodged            |    53 |    26 ||    79
Block: Shield            |    34 |       ||    34
       Buckler           |    12 |    10 ||    22
       Rpst.: Long sword |    22 |    13 ||    35
